 Dungeon Crawl Stone Soup version 0.31-a0-640-g39d97e502b (webtiles) character file.

Game seed: 10076011356007491127

2824 qw the Skirmisher (level 9, -6/57 HPs)
             Began as a Gargoyle Hunter on Aug 27, 2023.
             Was a Believer of Okawaru.
             Mangled by a yak (12 damage)
             ... on level 6 of the Dungeon.
             The game lasted 00:02:37 (5460 turns).

qw the Skirmisher (Gargoyle Hunter)                 Turns: 5460, Time: 00:02:38

Health: -6/57      AC: 18    Str: 15    XL:     9   Next: 73%
Magic:  11/13      EV: 14    Int: 10    God:    Okawaru [**....]
Gold:   289        SH:  0    Dex: 17    Spells: 8/8 levels left

rFire   . . .        m - +0 orcbow
rCold   . . .        (shield currently unavailable)
rNeg    + + .        a - +0 ring mail
rPois   inf          (no helmet)
rElec   +            k - +2 cloak
rCorr   .            j - +1 pair of gloves
SInv    +            (no boots)
Will    .....        (no amulet)
Stlth   +++          g - ring of positive energy
HPRegen 0.29/turn    c - ring of see invisible
MPRegen 0.13/turn

%: no passive effects
@: about to teleport, heroic
A: sickness immunity, AC +6, negative energy resistance 1, electricity
resistance, torment resistance 1, petrification resistance
a: Renounce Religion, Heroism


You were on level 6 of the Dungeon.
You worshipped Okawaru.
Okawaru was pleased with you.
You visited 2 branches of the dungeon, and saw 7 of its levels.
You also visited: Ossuary.

You collected 289 gold pieces.


Innate Abilities, Weirdness & Mutations

You are immune to sickness and miasma.
Your stone body is resilient. (AC +6)
You are immune to poison.
You resist negative energy. (rN+)
You are resistant to electric shocks. (rElec)
You are resistant to unholy torment.
You are immune to petrification.


   Skills:
 - Level 7.2(12.2) Fighting
 + Level 10.4(15.4) Ranged Weapons
 - Level 3.0(8.0) Armour
 - Level 2.0(7.0) Dodging
 - Level 1.1(6.1) Stealth
 - Level 5.6 Invocations


You had 8 spell levels left.
You didn't know any spells.
Your spell library was empty.

Inventory:

Hand Weapons
 m - a +0 orcbow (weapon)
Armour
 a - a +0 ring mail (worn)
 j - a +1 pair of gloves (worn)
 k - a +2 cloak (worn)
Jewellery
 c - a ring of see invisible (right hand)
 d - a ring of fire
 g - a ring of positive energy (left hand)
Scrolls
 h - 2 scrolls of identify
 l - 3 scrolls of teleportation
Potions
 b - 6 potions of curing
 e - a potion of cancellation
 f - a potion of might
 i - 3 potions of enlightenment
 n - a potion of mutation
 o - a potion of resistance
 p - a potion of haste

Dungeon Overview and Level Annotations

Branches:
Dungeon (6/15)             Temple (1/1) D:4         Ossuary (visited)

Altars:
Cheibriados
Dithmenos
Elyvilon
Fedhas
Gozag
Hepliaklqana
Kikubaaqudgha
Makhleb
Nemelex Xobeh
Okawaru
Qazlal
Ru
Sif Muna
Trog
Vehumet
Wu Jian
Xom
Yredelemnul
Zin
The Shining One


Message History

The yak gores you but does no damage.
You shoot an arrow.
The arrow hits the yak but does no damage.
The yak is moderately wounded.
The yak barely misses you.
You shoot an arrow. The arrow barely misses the yak.
The arrow hits the yak.
The yak is severely wounded.
The yak gores you!
You shoot an arrow. The arrow hits the yak!
The yak is severely wounded.
You feel like a meek peon again. The yak gores you but does no damage.
5452 ||| INVOKING Heroism.
You gain the combat prowess of a mighty hero.
The yak misses you.
You shoot an arrow. The arrow hits the yak!
You kill the yak!
Okawaru accepts your kill.
You shoot an arrow.
The arrow hits the yak but does no damage.
The yak is severely wounded.
You shoot an arrow. The arrow barely misses the yak.
The yak gores you but does no damage.
You shoot an arrow. The arrow hits the yak.
The yak is severely wounded.
The yak gores you.
You shoot an arrow. The arrow hits the yak!
The yak is almost dead.
The yak gores you!
You shoot an arrow. The arrow barely misses the yak.
The yak gores you but does no damage.
You shoot an arrow.
The arrow hits the yak but does no damage.
The yak is almost dead.
The yak gores you!
5460 ||| READING 4 scrolls of teleportation.
As you read the scroll of teleportation, it crumbles to dust.
You feel strangely unstable. The yak gores you!
You die...

################
##########..............#
............#####.#####.#
.##.#######.#####.#
#.######### .##.#
#.......# #...#......
.##.## #######.#
#.#.#.##### .#...#######
#.Y@.#####.#.#.#
.......^...#
#.##.......#.#.#####
.#...#####.# #.
####.#.......:... #.#.##
#Y ####.#.##.#..###.
.#..# #Y #....#.##.#..#
#. ###.## Y.
#.####.##.#..# #. # ##.#
## #.# #.##.#..# #.
###.## #.# #.##.#..####
.#.## #.# #...........


You could see a yak.

Vanquished Creatures
  A two-headed ogre (D:5)
  Grinder (D:4)
  A wraith (Ossuary)
  A yak (D:6)
  A water moccasin (D:5)
  A black bear (D:3)
  2 ice beasts
  2 centaurs (D:6)
  An ogre (D:6)
  A bullfrog (D:6)
  2 scorpions
  2 water moccasin zombies (Ossuary)
  4 centaur zombies (Ossuary)
  A jelly (D:6)
  2 orc priests (D:4)
  2 sleepcaps
  A gnoll bouda (D:6)
  3 iguanas
  4 orc wizards
  A scorpion zombie (Ossuary)
  An ogre zombie (Ossuary)
  4 gnolls (D:6)
  11 adders
  2 white imps
  2 ufetubi (D:6)
  6 adder zombies (Ossuary)
  4 worms
  6 dart slugs
  29 orcs
  6 bats
  3 endoplasms
  5 giant cockroaches
  4 gnoll zombies (Ossuary)
  11 goblins
  5 hobgoblins
  6 jackals (D:1)
  A quokka (D:3)
  5 ball pythons
  6 frilled lizards
  2 hobgoblin zombies (Ossuary)
  7 kobolds
  2 orc zombies (Ossuary)
  8 rats
170 creatures vanquished.

Notes
Turn   | Place    | Note
-------+----------+-------------------------------------------
     0 | D:1      | qw the Gargoyle Hunter began the quest for the Orb.
     0 | D:1      | Reached XP level 1. HP: 12/12 MP: 1/1
     0 | D:1      | 0 ||| qw: Version: 0.3-a-74-g0d5e918
     0 | D:1      | 0 ||| qw: Game counter: 128
     0 | D:1      | 0 ||| qw: Melee chars always use a shield: true
     0 | D:1      | 0 ||| qw: God list: Okawaru
     0 | D:1      | 0 ||| qw: Allow faded altars: false
     0 | D:1      | 0 ||| qw: Do Orc after clearing Dungeon:15 true
     0 | D:1      | 0 ||| qw: Do second Lair branch before Depths: true
     0 | D:1      | 0 ||| qw: Lair rune preference: random
     0 | D:1      | 0 ||| qw: Goals: Normal
     0 | D:1      | 0 ||| PLANNING D:1-11
   120 | D:1      | Reached XP level 2. HP: 17/17 MP: 2/2
   200 | D:1      | 200 ||| READING scroll labelled DIHASHARUUF.
   201 | D:1      | 201 ||| READING scroll labelled ZUBOQU USTI.
   202 | D:1      | 202 ||| DROPPING scroll of butterflies.
   269 | D:1      | Reached XP level 3. HP: 21/21 MP: 3/3
   456 | D:1      | You fall into a shaft and drop 1 floor!
   480 | D:2      | Reached skill level 5 in Ranged Weapons
   481 | D:2      | 481 ||| READING scroll labelled AJACVOCOTO.
   489 | D:2      | 489 ||| FLEEEEING.
   490 | D:2      | 490 ||| FLEEEEING.
   491 | D:2      | 491 ||| STAIRDANCE
  1018 | D:1      | 1018 ||| READING scroll labelled HOPLUA MEUDEM.
  1022 | D:1      | 1022 ||| DRINKING 2 fizzy pink potions.
  1201 | D:2      | Reached skill level 3 in Fighting
  1201 | D:2      | Reached XP level 4. HP: 26/28 MP: 4/4
  1665 | D:2      | 1665 ||| UPGRADING to ring of positive energy.
  1666 | D:2      | 1666 ||| READING scroll labelled VESONO WIQAJ.
  1667 | D:2      | 1667 ||| READING scroll labelled AGUNLU GUCAX.
  1729 | D:3      | Noticed a scorpion
  1734 | D:3      | Killed a scorpion
  1735 | D:3      | Reached skill level 6 in Ranged Weapons
  1735 | D:3      | Reached XP level 5. HP: 32/32 MP: 5/5
  1757 | D:3      | Found a faded altar of an unknown god.
  2165 | D:3      | 2165 ||| UPGRADING to +0 ring mail.
  2175 | D:3      | 2175 ||| DROPPING +0 leather armour.
  2176 | D:3      | 2176 ||| READING scroll labelled DYTTAE ZICEH.
  2197 | D:4      | Noticed a black bear
  2199 | D:4      | 2199 ||| STAIRDANCE
  2204 | D:3      | Killed a black bear
  2205 | D:3      | Reached XP level 6. HP: 38/38 MP: 6/6
  2207 | D:4      | 2207 ||| STAIRDANCE
  2214 | D:4      | 2214 ||| STAIRDANCE
  2347 | D:4      | Noticed Grinder
  2357 | D:4      | Paralysed by Grinder for 3 turns
  2362 | D:4      | Killed Grinder
  2363 | D:4      | Reached skill level 7 in Ranged Weapons
  2363 | D:4      | Reached XP level 7. HP: 29/43 MP: 7/7
  2537 | D:4      | Found a staircase to the Ecumenical Temple.
  2538 | D:4      | 2538 ||| PLANNING TEMPLE
  2538 | D:4      | 2538 ||| UPGRADING to ring of see invisible.
  2539 | D:4      | 2539 ||| READING 2 scrolls of identify.
  2539 | D:4      | 2539 ||| IDENTIFYING purple potion
  2549 | Temple   | Entered the Ecumenical Temple
  2550 | Temple   | 2550 ||| PLANNING OKAWARU WORSHIP
  2562 | Temple   | Became a worshipper of Warmaster Okawaru
  2563 | Temple   | 2563 ||| PLANNING D:1-11
  2733 | D:4      | 2733 ||| RETREATING.
  2736 | D:4      | 2736 ||| Stepping ~*~*~tactically~*~*~ (outnumbered).
  3265 | D:4      | 3265 ||| READING scroll labelled CUKKOE HALAMMA.
  3385 | D:5      | Entered Level 5 of the Dungeon
  3386 | D:5      | 3386 ||| PLANNING OSSUARY
  3386 | D:5      | 3386 ||| STAIRDANCE
  3396 | D:5      | 3396 ||| STAIRDANCE
  3454 | D:5      | 3454 ||| STAIRDANCE
  3468 | D:4      | Reached skill level 8 in Ranged Weapons
  3539 | D:5      | 3539 ||| STAIRDANCE
  3673 | D:5      | Reached * piety under Okawaru
  3674 | D:5      | Reached XP level 8. HP: 50/50 MP: 8/8
  3685 | D:5      | Reached skill level 1 in Invocations
  3689 | D:5      | 3689 ||| INVOKING Heroism.
  3999 | D:5      | Found a sand-covered staircase.
  4000 | D:5      | 4000 ||| UPGRADING to +0 pair of gloves.
  4005 | D:5      | 4005 ||| UPGRADING to +2 cloak.
  4010 | D:5      | 4010 ||| READING scroll labelled EFITEIR WOILI.
  4011 | D:5      | 4011 ||| READING 4 scrolls of identify.
  4011 | D:5      | 4011 ||| IDENTIFYING fizzy brown potion
  4012 | D:5      | 4012 ||| READING 3 scrolls of identify.
  4012 | D:5      | 4012 ||| IDENTIFYING emerald potion
  4013 | D:5      | 4013 ||| DROPPING potion of ambrosia.
  4021 | Ossuary  | Entered an ossuary
  4189 | Ossuary  | Reached skill level 3 in Invocations
  4201 | Ossuary  | Reached skill level 9 in Ranged Weapons
  4209 | Ossuary  | Noticed a wraith
  4231 | Ossuary  | Killed a wraith
  4231 | Ossuary  | Reached ** piety under Okawaru
  4302 | Ossuary  | Noticed a silent spectre
  4336 | Ossuary  | 4336 ||| DRINKING 2 dark potions.
  4341 | D:5      | 4341 ||| PLANNING D:1-11
  4341 | D:5      | 4341 ||| READING scroll of enchant armour.
  4341 | D:5      | 4341 ||| ENCHANTING +0 pair of gloves.
  4466 | D:5      | Found a shimmering blue altar of Sif Muna.
  4466 | D:5      | Found a glowing golden altar of the Shining One.
  4467 | D:5      | Noticed a two-headed ogre
  4468 | D:5      | 4468 ||| INVOKING Heroism.
  4477 | D:5      | Killed a two-headed ogre
  4477 | D:5      | Reached *** piety under Okawaru
  4478 | D:5      | Reached XP level 9. HP: 23/57 MP: 9/13
  4596 | D:5      | 4596 ||| READING scroll labelled NAMUGU CUING.
  4597 | D:5      | 4597 ||| READING 6 scrolls of identify.
  4597 | D:5      | 4597 ||| IDENTIFYING silvery potion
  4598 | D:5      | 4598 ||| READING 5 scrolls of identify.
  4598 | D:5      | 4598 ||| IDENTIFYING fuming dark potion
  4599 | D:5      | 4599 ||| READING 4 scrolls of identify.
  4599 | D:5      | 4599 ||| IDENTIFYING murky pink potion
  4600 | D:5      | 4600 ||| READING 3 scrolls of identify.
  4600 | D:5      | 4600 ||| IDENTIFYING metallic amethyst potion
  4601 | D:5      | 4601 ||| DROPPING potion of attraction.
  4846 | D:6      | 4846 ||| INVOKING Heroism.
  5205 | D:6      | 5205 ||| INVOKING Heroism.
  5247 | D:6      | 5247 ||| INVOKING Heroism.
  5264 | D:6      | Reached skill level 10 in Ranged Weapons
  5324 | D:6      | 5324 ||| SWAPPING to +0 orcbow.
  5325 | D:6      | 5325 ||| DROPPING +0 shortbow of flaming.
  5337 | D:6      | 5337 ||| INVOKING Heroism.
  5340 | D:6      | Reached skill level 3 in Armour
  5425 | D:6      | 5425 ||| Stepping ~*~*~tactically~*~*~ (retreating).
  5435 | D:6      | 5435 ||| INVOKING Heroism.
  5452 | D:6      | 5452 ||| INVOKING Heroism.
  5459 | D:6      | HP: 5/57 [yak (11)]
  5460 | D:6      | 5460 ||| READING 4 scrolls of teleportation.
  5460 | D:6      | Mangled by a yak

Levels and vault maps discovered:
D:1:      eino_arrival_cavern_b, layout_basic, serial_glass, glass_columns_a,
          glass_columns_a, feat_on_display, minmay_strange_pillars,
          feat_on_display, feat_on_display, serial_bayou_pond_e,
          minmay_statues_item, nicolae_concentric_dashed_squares_wild
D:2:      layout_loops_ring
D:3:      layout_basic, hellmonk_ecumenical_altar_blasted, hex_tiny
D:4:      layout_basic, minmay_temple_entry_poolview, uniq_grinder
D:5:      layout_rooms, gammafunk_temple_overflow_pools, enter_ossuary_1
D:6:      layout_loops_ring
Temple:   mainiacjoe_temple_coin_purse

Skill      XL: |  1  2  3  4  5  6  7  8  9 |
---------------+----------------------------+-----
Ranged Weapons | 5 6 7 8 9 10 | 10.4
Fighting       | 3 4 5 7 |  7.2
Armour         | 2 3 |  3.0
Invocations    | 5 |  5.6
Dodging        | 2 |  2.0
Stealth        | |  1.1

Action                     |  1- 3 |  4- 6 |  7- 9 || total
---------------------------+-------+-------+-------++-------
   Fire: Shortbow          |   112 |   119 |   391 ||   622
         Orcbow            |       |       |    48 ||    48
 Invoke: Heroism           |       |       |     8 ||     8
    Use: Scroll            |     4 |     3 |    12 ||    19
         Potion            |     1 |       |     1 ||     2
 Armour: Leather armour    |    23 |     9 |       ||    32
         Ring mail         |       |    18 |   135 ||   153
  Dodge: Dodged            |    38 |    24 |   187 ||   249

Table legend:
 A = Non-vault XP
 B = Vault XP
 C = Vault XP percentage of total XP
 D = Non-vault monster count
 E = Vault monster count
 F = Vault count percentage of total count
                 A         B        C        D         E       F
            +---------+---------+-------+---------+---------+-------
      Total |    3131 |     904 |  22.4 |     146 |      24 |  14.1
            +---------+---------+-------+---------+---------+-------
        D:1 |      46 |       0 |   0.0 |      26 |       0 |   0.0
        D:2 |      71 |       0 |   0.0 |      22 |       0 |   0.0
        D:3 |     287 |       0 |   0.0 |      23 |       0 |   0.0
        D:4 |     337 |     272 |  44.7 |      29 |       1 |   3.3
        D:5 |    1321 |       0 |   0.0 |      19 |       0 |   0.0
        D:6 |    1069 |       0 |   0.0 |      27 |       0 |   0.0
    Ossuary |       0 |     632 | 100.0 |       0 |      23 | 100.0
            +---------+---------+-------+---------+---------+-------
